 Dungeon Crawl Stone Soup version 0.28-a0-1555-g9ae15a6949 (console) character file.

Game seed: 3680017408996630814

10089 jejorda2 the Impaler (level 11, -2/81 HPs)
             Began as a Merfolk Berserker on Jan 18, 2022.
             Was a High Priest of Trog.
             Slain by a black mamba (13 damage)
             ... on level 10 of the Dungeon.
             The game lasted 00:29:28 (12658 turns).

jejorda2 the Impaler (Merfolk Berserker)           Turns: 12658, Time: 00:29:28

Health: -2/81      AC: 14    Str: 21    XL:     11   Next: 56%
Magic:  11/11      EV:  8    Int:  8    God:    Trog [*****.]
Gold:   745        SH:  0    Dex: 13    Spells: 10/10 levels left

rFire   . . .      SeeInvis .   a - +0 glaive
rCold   + . .      Faith    .   (shield currently unavailable)
rNeg    . . .      Spirit   .   A - +0 plate armour
rPois   +          Reflect  .   u - +1 hat "Fewefemm" {Will+}
rElec   .          Harm     .   (no cloak)
rCorr   .          Rampage  .   (no gloves)
Will    +....                   f - +0 pair of boots
Stlth   ..........              (no amulet)
HPRegen 0.23/turn               m - ring of protection from cold
MPRegen 0.12/turn               t - ring of poison resistance

@: no status effects
A: (nimble swimmer 2), mertail
a: Renounce Religion, Berserk, Trog's Hand, Brothers in Arms


You were on level 10 of the Dungeon.
You worshipped Trog.
Trog was extremely pleased with you.
You visited 2 branches of the dungeon, and saw 11 of its levels.

You collected 745 gold pieces.

Inventory:

Hand Weapons
 a - a +0 glaive (weapon)
 b - a +1 halberd of flaming
Missiles
 e - 344 stones
 j - 10 poisoned darts (quivered)
 B - 6 boomerangs
 D - 3 javelins
 G - 4 silver javelins
Armour
 f - a +0 pair of boots (worn)
 u - the +1 hat "Fewefemm" (worn) {Will+}
   (You found it on level 8 of the Dungeon)

   Will:      It increases your willpower.
 y - a +0 chain mail of positive energy
 A - a +0 plate armour (worn)
Jewellery
 d - a ring of fire
 m - a ring of protection from cold (left hand)
 t - a ring of poison resistance (right hand)
 F - a ring of magical power
Wands
 o - a wand of acid (6)
 q - a wand of flame (61)
 z - a wand of iceblast (8)
Scrolls
 c - 2 scrolls of fog
 g - 5 scrolls of teleportation
 l - a scroll of enchant weapon
 n - a scroll of brand weapon
 p - a scroll of acquirement {unknown}
Potions
 h - a potion of might
 i - a potion of attraction {unknown}
 k - 4 potions of curing
 r - 2 potions of berserk rage {unknown}
 s - 4 potions of mutation
 v - a potion of haste {unknown}
 w - 4 potions of heal wounds {unknown}
 x - 2 potions of magic
 C - a potion of brilliance {unknown}
 E - a potion of invisibility {unknown}


   Skills:
 - Level 6.0 Fighting
 * Level 19.7 Polearms
 - Level 6.0 Armour
 - Level 6.0 Dodging
 + Level 4.9 Evocations


You had 10 spell levels left.
You didn't know any spells.
Your spell library was empty.

Dungeon Overview and Level Annotations

Branches:
Dungeon (10/15)            Temple (0/1) D:6            Lair (1/6) D:10
    Orc (0/2) D:10

Altars:
Cheibriados
Elyvilon
Trog
Vehumet
Yredelemnul
The Shining One

Shops:
D:1 (   D:2 (

Annotations:
D:1 shop past rock
D:6 exclusion: statue
D:9 loot past rock


Innate Abilities, Weirdness & Mutations

((You are very nimble when in or above water. (Stealth+, EV+, Speed+++)))
Your lower body shifts to a powerful aquatic tail in water.


Message History

The black mamba is lightly wounded.
The black mamba bites you but does no damage.
You hit the black mamba but do no damage.
The black mamba is lightly wounded.
The black mamba closely misses you. The yak gores you.
The black mamba bites you!
You are poisoned.
The black mamba poisons you!
You closely miss the black mamba.
The black mamba is lightly wounded.
You feel very sick. The black mamba bites you!
You closely miss the black mamba.
The black mamba is lightly wounded.
You feel sick. The black mamba closely misses you. The yak gores you.
You hit the black mamba.
The black mamba is lightly wounded.
You feel sick. The black mamba bites you. The yak barely misses you.
The black mamba bites you.
You are too injured to fight recklessly!
You are too injured to fight recklessly!
You are too injured to fight recklessly!
You feel sick. The black mamba closely misses you.
You feel sick.
You feel sick. The black mamba barely misses you.
There is a staircase back to the Dungeon here.
You feel sick. The black mamba bites you. x2
* * * LOW HITPOINT WARNING * * *
You climb upwards.
Welcome back to the Dungeon!
You feel sick.
There is a staircase to the Lair here.
You closely miss the black mamba.
The black mamba is lightly wounded.
You feel sick. The black mamba bites you!
* * * LOW HITPOINT WARNING * * *
You slash the black mamba!
The black mamba is moderately wounded.
You feel sick.
You are no longer poisoned.
The black mamba bites you!
You die...

#....# ### ### ###..
#....###8###8###8#.#
#....##............#
#....#8............#
#....##............#
#....##...##8###8###
#....##...######## #
#....#⌠...8#.##..# #
#..@.##...##.....###
#.S..##...##........
#....##...##.##.....
#....#8...8#.##.....
#.##.##...##.##.....
#.##.........##.....
#.##......#..##.....
#.##.....<#..##.....
#.##......#<.##.....


You could see a black mamba.

Vanquished Creatures
  A centaur warrior (D:8)
  2 two-headed ogres
  A death knight (D:8)
  Pikel (D:4)
  A gargoyle (D:7)
  A kobold demonologist (D:8)
  A troll (D:9)
  A hornet (D:7)
  4 slime creatures (D:9)
  A shadow (D:8)
  Sigmund (D:3)
  6 yaks
  A steam dragon (D:8)
  Menkaure (D:5)
  10 orc warriors
  2 black bears (D:4)
  A necrophage (D:5)
  A hornet zombie (D:7)
  A centaur (D:10)
  An ogre (D:4)
  2 lemures (D:4)
  A phantom (D:7)
  Blork the orc (D:4)
  A kobold brigand (D:6)
  4 bullfrogs
  A gnoll sergeant (D:10)
  2 scorpions
  A wyvern skeleton (D:6)
  A water moccasin skeleton (D:5)
  6 howler monkeys
  12 wights
  A bullfrog zombie (D:5)
  A centaur zombie (D:10)
  A gnoll shaman (D:6)
  2 hounds (D:4)
  A centaur skeleton (D:5)
  7 orc priests
  3 iguanas
  3 jellies
  A bullfrog skeleton (D:5)
  Jessica (D:3)
  7 orc wizards
  Natasha (thrice) (D:3)
  A hound zombie (D:3)
  Robin (D:2)
  13 gnolls
  A howler monkey zombie (D:4)
  6 adders
  2 white imps (D:7)
  An ufetubus (D:4)
  A worm (D:2)
  2 dart slugs
  42 orcs
  4 ball pythons
  6 bats
  9 endoplasms
  2 giant cockroaches (D:1)
  16 goblins
  4 hobgoblins (D:2)
  4 jackals (D:3)
  11 kobolds
  A quokka (D:4)
  2 frilled lizards
  6 rats
237 creatures vanquished.

Vanquished Creatures (collateral kills)
  A wight (D:8)
  A centaur zombie (D:8)
2 creatures vanquished.

Grand Total: 239 creatures vanquished

Notes
Turn   | Place    | Note
-------+----------+-------------------------------------------
     0 | D:1      | jejorda2 the Merfolk Berserker began the quest for the Orb.
     0 | D:1      | Reached XP level 1. HP: 18/18 MP: 1/1
     3 | D:1      | Noticed an electric eel
     4 | D:1      | Noticed an electric eel
   272 | D:1      | Reached XP level 2. HP: 22/24 MP: 2/2
   403 | D:1      | Reached skill level 5 in Polearms
   675 | D:1      | Found Heedghoc's Antique Weapon Shoppe.
   795 | D:1      | Reached XP level 3. HP: 28/29 MP: 3/3
   821 | D:1      | Found a faded altar of an unknown god.
  1107 | D:2      | Reached ** piety under Trog
  1156 | D:2      | Noticed Robin
  1256 | D:2      | Found Raexiujo's Antique Weapon Shop.
  1319 | D:2      | Killed Robin
  1320 | D:2      | Reached XP level 4. HP: 37/37 MP: 4/4
  1654 | D:2      | Reached skill level 6 in Polearms
  1803 | D:3      | Noticed Jessica
  1817 | D:3      | Killed Jessica
  2136 | D:3      | Reached XP level 5. HP: 38/42 MP: 5/5
  2201 | D:3      | Found a bloodstained altar of Trog.
  2255 | D:3      | Noticed Natasha
  2263 | D:3      | Killed Natasha
  2502 | D:3      | Noticed Sigmund
  2514 | D:3      | Killed Sigmund
  2515 | D:3      | Reached skill level 7 in Polearms
  2515 | D:3      | Reached XP level 6. HP: 49/49 MP: 6/6
  2661 | D:3      | Noticed Natasha
  2670 | D:3      | Killed Natasha
  2848 | D:3      | Noticed Natasha
  2940 | D:3      | Found a bloodstained altar of Trog.
  2961 | D:3      | Killed Natasha
  2962 | D:3      | Reached skill level 8 in Polearms
  3050 | D:4      | Reached *** piety under Trog
  3137 | D:4      | Reached skill level 5 in Fighting
  3138 | D:4      | Reached XP level 7. HP: 56/56 MP: 7/7
  3491 | D:4      | Noticed Pikel
  3519 | D:4      | Killed Pikel
  3520 | D:4      | Reached skill level 10 in Polearms
  3520 | D:4      | Reached XP level 8. HP: 15/64 MP: 8/8
  4035 | D:4      | Found a white marble altar of Elyvilon.
  4035 | D:4      | Found a snail-covered altar of Cheibriados.
  4252 | D:5      | Entered Level 5 of the Dungeon
  4290 | D:5      | Noticed Blork the orc
  4298 | D:4      | Reached skill level 11 in Polearms
  4438 | D:4      | Killed Blork the orc
  4692 | D:4      | Reached skill level 12 in Polearms
  4863 | D:5      | Noticed Menkaure
  4872 | D:5      | Killed Menkaure
  4873 | D:5      | Reached XP level 9. HP: 47/69 MP: 9/9
  5308 | D:5      | Reached skill level 13 in Polearms
  5501 | D:6      | Reached skill level 5 in Armour
  5805 | D:6      | Found a radiant altar of Vehumet.
  5969 | D:6      | Found a staircase to the Ecumenical Temple.
  6171 | D:6      | Reached **** piety under Trog
  6718 | D:6      | Reached skill level 14 in Polearms
  8028 | D:8      | Noticed a hornet
  8042 | D:7      | Killed a hornet
  8043 | D:7      | Reached skill level 15 in Polearms
  8360 | D:8      | Noticed a gargoyle
  8365 | D:7      | Killed a gargoyle
  8366 | D:7      | Reached XP level 10. HP: 76/76 MP: 10/10
  8442 | D:8      | Noticed a death knight
  8451 | D:8      | Killed a death knight
  8452 | D:8      | Reached skill level 16 in Polearms
  8923 | D:8      | Reached skill level 5 in Dodging
  9019 | D:8      | Identified the +1 hat "Fewefemm" {Will+}
  9050 | D:8      | Noticed a centaur warrior
  9066 | D:8      | Killed a centaur warrior
  9067 | D:8      | Reached skill level 17 in Polearms
  9777 | D:8      | Noticed a kobold demonologist
  9790 | D:8      | Killed a kobold demonologist
  9933 | D:9      | Reached skill level 1 in Evocations
 10101 | D:9      | Reached skill level 18 in Polearms
 10110 | D:9      | Reached XP level 11. HP: 67/81 MP: 11/11
 11174 | D:8      | Noticed a two-headed ogre
 11178 | D:8      | Killed a two-headed ogre
 11186 | D:8      | Reached skill level 19 in Polearms
 11285 | D:10     | Entered Level 10 of the Dungeon
 11665 | D:10     | Found a glowing golden altar of the Shining One.
 11698 | D:10     | Found a staircase to the Lair.
 11808 | D:10     | Noticed a two-headed ogre
 11814 | D:10     | Killed a two-headed ogre
 12041 | D:10     | Reached ***** piety under Trog
 12121 | D:10     | Found a staircase to the Orcish Mines.
 12567 | D:10     | Found a basalt altar of Yredelemnul.
 12574 | D:10     | Noticed an angel
 12588 | D:10     | Noticed a profane servitor
 12630 | Lair:1   | Entered Level 1 of the Lair of Beasts
 12658 | D:10     | Slain by a black mamba

Illustrated notes

Levels and vault maps discovered:
D:1:      arrival_aquarium_b, layout_loops_cross,
          shapermc_ecumenical_altar_acropolis, serial_shops, shop_statue
D:2:      layout_rooms, serial_shops, nicolae_shop_overgrown_old_shop,
          uniq_robin
D:3:      layout_rooms, mainiacjoe_overflow_catwalk,
          chequers_serial_rivers_micro_a, item_on_display_a, uniq_jessica,
          uniq_sigmund, uniq_natasha
D:4:      layout_gridville, jmf_multi_god_temple, uniq_pikel
D:5:      layout_cave_pools, minmay_checkerbox, uniq_menkaure,
          uniq_blork_the_orc
D:6:      layout_loops_corners, vehumet_statue, temple_doors_cd,
          amcnicky_mini_corridor_feature
D:7:      layout_loops_ring
D:8:      minmay_diamond_stairs, layout_basic, minmay_misc_feat_plants
D:9:      layout_basic, serial_glass, glass_columns_c, glass_columns_a,
          glass_columns_a, glass_columns_a, glass_columns_a, glass_columns_b,
          minmay_strange_pillars, due_unseen_surprise
D:10:     layout_long_grid, grunt_temple_overflow_holy_war, lair_entry_dummy,
          david_orc_4, corexii_hall_statues_l
Lair:1:   layout_long_grid

Skill      XL: |  1  2  3  4  5  6  7  8  9 10 11 |
---------------+----------------------------------+-----
Polearms       | 5 6 7 8 10 12 15 18 19 | 19.7
Armour         | 2 3 4 5 6 |  6.0
Fighting       | 4 5 6 |  6.0
Dodging        | 6 |  6.0
Evocations     | 2 4 |  4.9

Action                   |  1- 3 |  4- 6 |  7- 9 | 10-12 || total
-------------------------+-------+-------+-------+-------++-------
Melee: Spear             |    91 |    75 |       |       ||   166
       Punch             |     3 |     1 |       |       ||     4
       Trident           |       |    37 |   238 |       ||   275
       Halberd           |       |       |   124 |   291 ||   415
       Glaive            |       |       |       |    31 ||    31
Throw: Stone             |    10 |     8 |       |     3 ||    21
       Dart              |       |     8 |     8 |    16 ||    32
Invok: Berserk           |     1 |     2 |     7 |     4 ||    14
       Trog's Hand       |       |     1 |     1 |       ||     2
       Brothers in Arms  |       |       |       |     1 ||     1
Evoke: Wand              |       |       |     1 |       ||     1
  Use: Scroll            |       |       |     6 |     5 ||    11
       Potion            |       |       |       |     1 ||     1
 Stab: Sleeping          |     4 |     2 |     2 |       ||     8
       Distracted        |       |       |     1 |     1 ||     2
Armor: Animal skin       |    12 |    12 |       |       ||    24
       Leather armour    |       |       |    43 |       ||    43
       Chain mail        |       |       |    26 |    57 ||    83
       Plate armour      |       |       |       |    19 ||    19
Dodge: Dodged            |    36 |    41 |   111 |    70 ||   258

Table legend: (Time is in decaauts)
 A = Elapsed time spent in this place.
 B = Non-inter-level travel time spent in this place.
 C = Inter-level travel time spent in this place.
 D = Time resting spent in this place.
 E = Time spent auto-exploring this place.
 F = Levels seen in this place.
 G = Mean time per level.
                   A        B        C        D        E       F      G
               +--------+--------+--------+--------+--------+-----+--------+
         Total |  12554 |  12025 |    529 |   1731 |   8504 |  11 | 1141.3 |
       Dungeon |  12533 |  12004 |    529 |   1731 |   8500 |  10 | 1253.3 |
          Lair |     21 |     21 |      0 |      0 |      4 |   1 |   21.0 |
               +--------+--------+--------+--------+--------+-----+--------+

Top non-repeatable levels by time:
     D:4: 1791 daAuts
     D:7: 1571 daAuts
     D:8: 1490 daAuts
     D:6: 1439 daAuts
     D:3: 1380 daAuts
    D:10: 1309 daAuts
     D:9: 1248 daAuts
     D:1: 960 daAuts
     D:2: 799 daAuts
     D:5: 541 daAuts
  Lair:1: 21 daAuts
